 Dungeon Crawl Stone Soup version 0.19-a0-958-gd69d43c (webtiles) character file.

11522 AlphabetPasta the Grappler (level 11, -14/107 HPs)
             Began as a Troll Fighter on July 11, 2016.
             Was an Elder of Trog.
             Demolished by a wyvern (15 damage)
             ... on level 10 of the Dungeon.
             The game lasted 00:47:59 (8919 turns).

AlphabetPasta the Grappler (Troll Fighter)          Turns: 8919, Time: 00:48:00

Health: -14/107    AC:  7    Str: 26    XL:     11   Next: 50%
Magic:  13/13      EV: 12    Int:  4    God:    Trog [****..]
Gold:   946        SH:  0    Dex: 12    Spells: 0 memorised, 10 levels left

rFire  . . .     SeeInvis .       - Unarmed
rCold  + . .     Gourm    +     h - +2 robe {rC+}
rNeg   . . .     Faith    .     (no shield)
rPois  .         Spirit   .     (helmet restricted)
rElec  .         Dismiss  .     (no cloak)
rCorr  .         Reflect  .     (gloves unavailable)
SustAt .         Harm     .     (boots unavailable)
MR     .....                    (no amulet)
Stlth  +.........               (no ring)
                                p - ring of flight

@: exhausted, slowed, heavily drained, very slow, not resistant to hostile
enchantments, very unstealthy
A: unfitting armour, claws 3, fast metabolism 3, gourmand, regeneration 2,
shaggy fur 1, tough skin 2
a: Berserk, Trog's Hand, Brothers in Arms, Burn Spellbooks, Renounce Religion,
Evoke Flight


You were on level 10 of the Dungeon.
You worshipped Trog.
Trog was greatly pleased with you.
You were very full.

You visited 2 branches of the dungeon, and saw 11 of its levels.
You also visited: Ossuary.

You collected 969 gold pieces.
You spent 23 gold pieces at shops.

Inventory:

Hand Weapons
 B - a +0 giant spiked club
Missiles
 j - 26 poisoned needles
 n - 16 tomahawks
 u - 5 javelins
 C - a throwing net
 I - 2 large rocks (quivered)
Armour
 a - a +1 robe
 h - a +2 robe of cold resistance (worn)
 F - a troll hide
Jewellery
 p - a ring of flight (left claw)
Wands
 o - a wand of random effects (13/48)
 y - a wand of paralysis (11/24)
 A - a wand of iceblast (8/15)
 H - a wand of flame (26/48)
Scrolls
 f - 11 scrolls of remove curse
 g - 2 scrolls of teleportation
 v - 2 scrolls of enchant weapon
 G - a scroll of identify
Potions
 b - 2 potions of agility
 e - a potion of resistance
 l - 4 potions of curing
 q - 2 potions of flight {unknown}
 s - 2 potions of degeneration {unknown}
 t - 3 potions of cancellation {unknown}
 w - a potion of ambrosia {unknown}
 x - a potion of brilliance {unknown}
 z - a potion of magic {unknown}
 D - a potion of invisibility {unknown}
Comestibles
 c - 14 fruits
 d - 10 bread rations
 i - 5 beef jerkies
 k - 3 chunks of flesh
 m - 3 meat rations
 r - a slice of pizza
 E - 2 royal jellies


   Skills:
 + Level 6.9(4.9) Fighting
 + Level 3.5(1.7) Maces & Flails
 + Level 7.1(5.1) Throwing
 + Level 6.8(4.9) Dodging
   Level 2.4(0.7) Shields
 + Level 10.2(8.0) Unarmed Combat
 + Level 5.0(3.2) Evocations


You had 10 spell levels left.
You didn't know any spells.

Dungeon Overview and Level Annotations

Branches:
Dungeon (10/15)            Temple (1/1) D:4            Lair (0/6) D:8
    Orc: D:9-12

Altars:
Cheibriados
Dithmenos
Elyvilon
Fedhas
Gozag
Hepliaklqana
Kikubaaqudgha
Makhleb
Nemelex Xobeh
Okawaru
Pakellas
Qazlal
Ru
Sif Muna
Trog
Uskayaw
Vehumet
Xom
Yredelemnul
Zin
The Shining One

Shops:
D:4 *   D:5 ([%   D:8 (


Innate Abilities, Weirdness & Mutations

You are too large for most types of armour.
You have claws for hands.
Your metabolism is lightning-fast.
You like to eat raw meat.
You heal very quickly.
You are covered in fur. (AC +1)
You have very tough skin. (AC +2)


Message History

The wyvern bites you! The wyvern closely misses you. The wyvern bites you.
* * * LOW HITPOINT WARNING * * *
You scratch the wyvern.
The wyvern is heavily wounded.
The wyvern bites you.
* * * LOW HITPOINT WARNING * * *
The wyvern bites you.
* * * LOW HITPOINT WARNING * * *
Okay, then.
You completely miss the wyvern.
The wyvern is heavily wounded.
The wyvern bites you!
* * * LOW HITPOINT WARNING * * *
The wyvern closely misses you.
You claw the wyvern!
The wyvern is severely wounded.
The wyvern bites you!
* * * LOW HITPOINT WARNING * * *
The wyvern bites you!
You die...

#....#....#.....#
#....#....#.....#
#....#....#.....#
#.##.######.....#
#.##.#****#.....#
#.#*.#,,,,#...#.#
*,,,,*,,,,#...#.#
*,,,,*,,,,#...#.#
*,,,,*,,,,#.@.#.#
*****,,,,*,,,,+.l...#
,,,,,,,,,*,,,,#.....#
,,,,,,*,,*,,,,#..##.#
,***,,*,,*****#..##.#
,,,,,,,,,* #..##.#
,,,,,***** #.(##.#
***+**,,* #.(##.#
*,,,,,,,******#...,.#


You could see a wyvern.

Vanquished Creatures
  The ghost of Geoffrax the Cleaver, a journeyman DgGl (D:10)
  A wizard (D:10)
  The ghost of plsesad the Changer, a novice NaTm (Ossuary)
  4 large abominations (D:10)
  A tengu conjurer (D:10)
  The ghost of unimpressed the Firebug, a novice DEFE of Sif Muna (D:6)
  A troll (D:8)
  Grinder (D:3)
  A wraith (D:10)
  6 yaks (D:10)
  Sigmund (D:3)
  A wyvern (D:10)
  Grum (D:8)
  Eustachio (D:6)
  The ghost of Geoffrax the Ducker, an amateur DgGl (D:4)
  2 water moccasins
  Duvessa (D:7)
  An ice beast (D:10)
  3 sky beasts
  5 orc warriors
  A phantom (D:6)
  2 black bears (D:8)
  6 ogres
  3 wolves (D:8)
  A centaur (D:9)
  5 small abominations (D:10)
  A big kobold (D:10)
  7 giant frogs
  A wyvern zombie (D:9)
  Dowan (D:7)
  A wyvern skeleton (D:9)
  2 scorpions (D:9)
  4 killer bees (D:8)
  8 wights
  5 crimson imps
  2 jellies
  A quasit (D:8)
  6 hounds
  Ijyb (D:3)
  A centaur skeleton (D:5)
  6 orc priests
  2 giant frog skeletons
  11 orc wizards
  Jessica (D:3)
  3 iguanas
  8 worker ants
  A big kobold zombie (Ossuary)
  8 mummies (Ossuary)
  A worker ant zombie (D:6)
  Robin (D:3)
  A howler monkey skeleton (D:4)
  5 gnolls (D:5)
  10 adders
  2 shadow imps
  3 oozes (D:1)
  2 adder zombies
  2 adder skeletons
  A worm (D:2)
  A dart slug (D:2)
  3 giant geckos
  37 orcs
  13 bats
  10 giant cockroaches
  A gnoll zombie (Ossuary)
  20 goblins
  16 hobgoblins
  10 jackals
  5 quokkas
  2 ball pythons
  A giant gecko skeleton (D:8)
  2 giant gecko zombies
  6 giant newts
  3 hobgoblin zombies
  16 kobolds
  A kobold zombie (Ossuary)
  3 orc zombies (Ossuary)
  4 rats
316 creatures vanquished.

Vanquished Creatures (others)
  A fungus (D:8)
  2 plants (D:10)
3 creatures vanquished.

Grand Total: 319 creatures vanquished

Notes
Turn   | Place    | Note
-------+----------+-------------------------------------------
     0 | D:1      | AlphabetPasta the Troll Fighter began the quest for the Orb.
     0 | D:1      | Reached XP level 1. HP: 22/22 MP: 0/0
   119 | D:1      | Reached XP level 2. HP: 22/29 MP: 1/1
   331 | D:1      | Reached XP level 3. HP: 36/36 MP: 2/2
   714 | D:2      | Reached skill level 3 in Unarmed Combat
   815 | D:2      | Found a white marble altar of Elyvilon.
   919 | D:2      | Reached XP level 4. HP: 44/44 MP: 3/3
  1181 | D:2      | Reached skill level 1 in Throwing
  1604 | D:3      | Noticed Jessica
  1624 | D:3      | Killed Jessica
  1730 | D:3      | Noticed Grinder
  1735 | D:3      | Noticed Sigmund
  1864 | D:3      | Reached XP level 5. HP: 53/53 MP: 4/4
  2065 | D:3      | Noticed Robin
  2068 | D:3      | Killed Robin
  2110 | D:3      | Noticed Ijyb
  2125 | D:3      | Killed Ijyb
  2125 | D:3      | Reached skill level 4 in Unarmed Combat
  2323 | D:3      | Killed Sigmund
  2323 | D:3      | Reached XP level 6. HP: 61/61 MP: 5/5
  2365 | D:3      | Found a basalt altar of Yredelemnul.
  2365 | D:3      | Found a hazy altar of Hepliaklqana.
  2447 | D:3      | Paralysed by Grinder for 4 turns
  2460 | D:3      | Killed Grinder
  2460 | D:3      | Reached skill level 5 in Unarmed Combat
  2460 | D:3      | Reached XP level 7. HP: 12/68 MP: 6/6
  2593 | D:4      | Noticed Geoffrax's ghost (amateur DgGl)
  2784 | D:4      | Found Fuvoug's Assorted Antiques.
  2791 | D:4      | Bought a scroll labeled PUGOPLOLUKI for 23 gold pieces
  3045 | D:4      | Killed Geoffrax's ghost
  3128 | D:4      | Found a staircase to the Ecumenical Temple.
  3137 | Temple   | Entered the Ecumenical Temple
  3203 | Temple   | Became a worshipper of Trog the Wrathful
  3809 | D:5      | Entered Level 5 of the Dungeon
  3809 | D:5      | Found Ytutterph's Antique Weapon Emporium.
  3948 | D:5      | Found Fumivvi's Antique Armour Boutique.
  4125 | D:5      | Reached skill level 6 in Unarmed Combat
  4220 | D:5      | Reached skill level 1 in Evocations
  4280 | D:5      | Reached XP level 8. HP: 68/78 MP: 7/7
  4321 | D:5      | Found Iritut's Food Shoppe.
  4501 | D:5      | Reached * piety under Trog
  4864 | D:6      | Noticed Eustachio
  4883 | D:6      | Killed Eustachio
  4967 | D:6      | Noticed unimpressed's ghost (novice DEFE)
  4983 | D:6      | Killed unimpressed's ghost
  4983 | D:6      | Reached skill level 7 in Unarmed Combat
  5021 | D:6      | Reached XP level 9. HP: 87/87 MP: 9/9
  5221 | D:6      | Reached skill level 5 in Fighting
  5439 | D:6      | Reached skill level 5 in Dodging
  5461 | D:6      | Reached skill level 8 in Unarmed Combat
  5606 | D:7      | Found a sacrificial altar of Ru.
  5616 | D:7      | Reached ** piety under Trog
  5685 | D:7      | Found a sacrificial altar of Ru.
  5691 | D:7      | Found a sand-covered staircase.
  5753 | Ossuary  | Entered an ossuary
  5827 | Ossuary  | Noticed plsesad's ghost (novice NaTm)
  5845 | Ossuary  | Killed plsesad's ghost
  5845 | Ossuary  | Reached skill level 5 in Throwing
  5986 | D:7      | Noticed Dowan
  5988 | D:7      | Noticed Duvessa
  5996 | D:7      | Killed Duvessa
  6002 | D:7      | Killed Dowan
  6340 | D:7      | Found a shadowy altar of Dithmenos.
  6454 | D:8      | Reached XP level 10. HP: 76/96 MP: 11/11
  6493 | D:8      | Reached skill level 9 in Unarmed Combat
  6510 | D:8      | Found a staircase to the Lair.
  6653 | D:8      | Reached *** piety under Trog
  6744 | D:8      | Found Wiwuock's Antique Weapon Boutique.
  7113 | D:9      | Noticed Grum
  7124 | D:8      | Killed Grum
  7124 | D:8      | Reached skill level 1 in Maces & Flails
  7549 | D:9      | Found a glowing golden altar of the Shining One.
  7837 | D:9      | Found an ancient bone altar of Kikubaaqudgha.
  7967 | D:10     | Entered Level 10 of the Dungeon
  8020 | D:10     | Reached **** piety under Trog
  8088 | D:10     | Noticed a wizard
  8094 | D:10     | Killed a wizard
  8094 | D:10     | Received a gift from Trog
  8150 | D:10     | Noticed a large abomination
  8150 | D:10     | Noticed a large abomination
  8150 | D:10     | Noticed a large abomination
  8166 | D:10     | Killed a large abomination
  8196 | D:10     | Reached XP level 11. HP: 51/107 MP: 13/13
  8200 | D:10     | Noticed a large abomination
  8201 | D:10     | Killed a large abomination
  8427 | D:10     | Killed a large abomination
  8446 | D:10     | Reached skill level 10 in Unarmed Combat
  8787 | D:10     | Received a gift from Trog
  8894 | D:10     | Noticed Geoffrax's ghost (journeyman DgGl)
  8912 | D:10     | Killed Geoffrax's ghost
  8912 | D:10     | Reached skill level 5 in Evocations
  8919 | D:10     | HP: 1/107 [wyvern (11)]
  8919 | D:10     | Demolished by a wyvern

Vault maps used:
D:1:      evilmike_arrival_rings
D:2:      minmay_roachtagon, elyvilon_altar_5
D:3:      kennysheep_goblin_castle, gammafunk_temple_overflow_elements,
          corexii_hall_statues_x, uniq_grinder, uniq_robin, uniq_jessica,
          uniq_sigmund
D:4:      serial_shops, shop, first_bread, minmay_cupped
D:5:      serial_shops, shop, nicolae_shop_trees, shop
D:6:      minmay_small_thing, uniq_eustachio
D:7:      nicolae_ru_awakened_eye, lemuel_round_altar, enter_ossuary_3,
          basic_altar, uniq_duvessa
D:8:      black_bear_nest_1, dpeg_oklobed_lair, serial_shops, shop
D:9:      lemuel_round_altar, nicolae_tso_swordbearing_angel, uniq_grum
D:10:     grunt_tengu_nest, laboratory
Temple:   regret_index_temple_generic_petals
Ossuary:  ossuary_tomb_3

Skill      XL: |  1  2  3  4  5  6  7  8  9 10 11 |
---------------+----------------------------------+-----
Unarmed Combat | 3 4 5 6 7 8 9 10 | 10.2
Dodging        | 3 4 5 6 |  6.8
Throwing       | 1 2 3 4 5 6 7 |  7.1
Fighting       | 3 4 5 6 |  6.9
Evocations     | 1 2 3 4 5 |  5.0
Maces & Flails | 2 3 |  3.5
Shields        | |  2.4

Action                   |  1- 3 |  4- 6 |  7- 9 | 10-12 || total
-------------------------+-------+-------+-------+-------++-------
Melee: Unarmed           |   138 |   155 |   381 |   341 ||  1015
       Punch             |     3 |     2 |    11 |    13 ||    29
Throw: Tomahawk          |       |       |    59 |    75 ||   134
       Javelin           |       |       |     6 |     3 ||     9
       Large rock        |       |       |       |     2 ||     2
Invok: Trog's Hand       |       |       |       |     3 ||     3
       Berserk           |       |       |       |     3 ||     3
       Burn Spellbooks   |       |       |       |     1 ||     1
Evoke: Wand              |       |       |       |     1 ||     1
  Use: Potion            |       |     1 |     3 |     5 ||     9
       Scroll            |       |       |    15 |     1 ||    16
 Stab: Sleeping          |       |     1 |     2 |       ||     3
       Paralysed         |       |       |       |     3 ||     3
  Eat: Chunk             |    14 |    14 |    33 |    28 ||    89
       Royal jelly       |       |       |     1 |       ||     1
Armor: Robe              |    35 |    53 |    91 |    58 ||   237
Dodge: Dodged            |    68 |    68 |   125 |   193 ||   454
